 Dungeon Crawl Stone Soup version 0.22-a0-3-g4fa69d9a97 (webtiles) character file.

25 Manul the Ducker (level 2, 0/16 HPs)
             Began as a Spriggan Abyssal Knight on Jan 1, 2018.
             Was a Follower of Lugonu.
             Slain by a hobgoblin
             ... wielding a +0 club
              (2 damage)
             ... on level 1 of the Dungeon.
             The game lasted 00:00:45 (558 turns).

Manul the Ducker (Spriggan Abyssal Knight)           Turns: 558, Time: 00:00:46

Health: 0/16       AC:  3    Str:  8    XL:     2   Next: 86%
Magic:  4/4        EV: 19    Int: 13    God:    Lugonu [*.....]
Gold:   4          SH:  0    Dex: 15    Spells: 1/1 levels left

rFire    . . .     SeeInvis +   a - +1 short sword
rCold    . . .     Gourm    .   (shield restricted)
rNeg     . . .     Faith    .   b - +1 robe
rPois    .         Spirit   .   (helmet restricted)
rElec    .         Reflect  .   (no cloak)
rCorr    .         Harm     .   (gloves unavailable)
MR       .....                  (boots unavailable)
Stlth    +.........             (no amulet)
HPRegen  0.05/turn              (no ring)
MPRegen  0.09/turn              (no ring)

@: very quick
A: very small, unfitting armour, see invisible, herbivore, speed 3, slow
metabolism 2
a: Depart the Abyss, Renounce Religion


You were on level 1 of the Dungeon.
You worshipped Lugonu.
Lugonu was aware of your devotion.
You were not hungry.

You visited 1 branch of the dungeon, and saw 1 of its levels.
You visited the Abyss 1 time.

You collected 4 gold pieces.

Inventory:

Hand Weapons
 a - a +1 short sword (weapon)
Armour
 b - a +1 robe (worn)
Scrolls
 f - 3 scrolls of blinking {unknown}
 h - a scroll of immolation {unknown}
 i - 2 scrolls of identify {unknown}
Potions
 d - a potion of resistance {unknown}
 e - a potion of haste {unknown}
 g - a potion of mutation {unknown}
 j - a potion of invisibility {unknown}
 k - a potion of lignification {unknown}
Comestibles
 c - 3 rations


   Skills:
 + Level 2.9 Fighting
 + Level 2.4 Short Blades
 + Level 4.3 Dodging
 + Level 1.8 Invocations


You had one spell level left.
You didn't know any spells.

Dungeon Overview and Level Annotations

Branches:
Dungeon (1/15)

Altars:


Innate Abilities, Weirdness & Mutations

You are very small and have problems with some larger weapons.
You are too small for most types of armour.
You have supernaturally acute eyesight. (SInv)
You are a herbivore.
You cover ground extremely quickly.
You need consume almost no food.


Message History

You are too injured to fight recklessly!
You are too injured to fight recklessly!
You are too injured to fight recklessly!
You are too injured to fight recklessly!
You are too injured to fight recklessly!
You are too injured to fight recklessly!
You are too injured to fight recklessly!
You are too injured to fight recklessly!
You hit the hobgoblin but do no damage. The hobgoblin hits you with a club.
The hobgoblin completely misses you.
You closely miss the hobgoblin. The hobgoblin barely misses you.
The hobgoblin hits you with a club.
* * * LOW HITPOINT WARNING * * *
The hobgoblin closely misses you. The hobgoblin misses you.
The hobgoblin closely misses you. The hobgoblin completely misses you.
The hobgoblin misses you. The hobgoblin misses you. x2
The hobgoblin closely misses you. The hobgoblin hits you with a club.
You die...

#...# #.##.##.#...###..
#.#.####.###.#.#.###....
#......#.# ##....#......
##..###...# ##.#.'.....≈
#...#$#...# #.#.#....≈≈
###.###.###.#####.#########
#...# ...#.......# #.###
#)###.##.## #.# #g@...##.#
#.### #g###.##.## #.†.#
...#...#.#.######.#
##..###.###.#..###.......#
#....#!#...#.#)#.########
#..#.###.##.#.#.## ######
##.#.......###..# #.....
#.#.....##.#)#.#####.####
#.##.##..............####


You could see 2 hobgoblins.

Vanquished Creatures
  An ooze (D:1)
  A leopard gecko (D:1)
  A ball python (D:1)
  2 giant cockroaches (D:1)
  4 goblins (D:1)
  3 jackals (D:1)
  A kobold (D:1)
  2 bats (D:1)
  4 rats (D:1)
19 creatures vanquished.

Notes
Turn   | Place    | Note
-------+----------+-------------------------------------------
     0 | Abyss:1  | Manul the Spriggan Abyssal Knight began the quest for the Orb.
     0 | Abyss:1  | Reached XP level 1. HP: 11/11 MP: 3/3
    56 | Abyss:1  | Noticed a rakshasa
    56 | Abyss:1  | Noticed a thrashing horror
    60 | D:1      | Escaped the Abyss
   200 | D:1      | Reached * piety under Lugonu
   242 | D:1      | Reached XP level 2. HP: 14/16 MP: 4/4
   353 | D:1      | Reached skill level 4 in Dodging
   558 | D:1      | Slain by a hobgoblin

Vault maps used:
D:1:      nzn_arrival_depleted_hourglass, st_stairs_6, serial_bayou_lagoon_a,
          minmay_quantized

Skill      XL: |  1  2 |
---------------+-------+-----
Dodging        | 4 |  4.3
Fighting       | |  2.9
Short Blades   | |  2.4
Invocations    | |  1.8

Action                   || total
-------------------------++-------
Melee: Short sword       ||    64
Invok: Depart the Abyss  ||     1
  Use: Scroll            ||     1
 Stab: Sleeping          ||     1
Armor: Robe              ||    13
Dodge: Dodged            ||    89

Table legend:
 A = Spawn XP
 B = Non-spawn XP
 C = Spawn XP percentage of total XP
 D = Spawn monster count
 E = Non-spawn monster count
 F = Spawn count percentage of total count
 G = Total turns spent on level
                    A         B        C        D         E        F      G
               +---------+---------+-------+---------+---------+-------+---------
         Total |       0 |      37 |   0.0 |       0 |      19 |   0.0 |   558
               +---------+---------+-------+---------+---------+-------+---------
           D:1 |       0 |      37 |   0.0 |       0 |      19 |   0.0 |   498
               +---------+---------+-------+---------+---------+-------+---------
